cohdb
Replays
Latest Replays
All Replays
Popular Replays
Top Player Replays
Match Explorer
How It Works
Community
CoH3 Stats
Reddit
Sign in to upload your games and track your stats! →
Sign in with Steam
Match 43144455
Unlisted
Match 43144455
Overview
Messages
Build Orders
End
Scout Squad
Construct Barracks
Selects Heavy Weapons
1⁄4-ton 4x4 Truck
Riflemen Squad
Riflemen Squad
Riflemen Squad
Construct Medical Station
Infantry Support Center
Construct Weapon Support Center
M3 Armored Personnel Carrier
Selects Assault Carriers
Selects Exchangeable Parts
PixiCode
Trion
0
0
Comments
sign in to comment!
No comments posted yet!